[Event "December 19 Late 2023"]
[Site "https://www.chess.com"]
[Date "2023.12.19"]
[Round "2"]
[White "Ivanov, Aleksandr"]
[Black "Federzoni, Enzo"]
[Result "0-1"]
[Board "177"]
[TimeControl "180+1"]
[WhiteFideId "2092980"]
[BlackFideId "2173301"]
[WhiteElo "2098"]
[BlackElo "2053"]
[WhiteTeam "USA"]
[BlackTeam "BRA"]
[WhiteClock "0:00:00"]
[BlackClock "0:00:18"]

1. d4 Nf6 2. c4 e6 3. Nc3 d5 4. cxd5 exd5 5. Bg5 Be7 6. e3 O-O 7. Bd3 c6 8. Nge2 Nbd7 9. Qc2 Re8 10. O-O h6 11. Bh4 Ne4 12. Bxe7 Qxe7 13. Bxe4 dxe4 14. Ng3 Nf6 15. Rfd1 h5 16. h3 h4 17. Nge2 Nh7 18. d5 Ng5 19. Nf4 Bd7 20. Rd4 c5 21. Rdd1 Qd6 22. Qb3 b6 23. Nb5 Bxb5 24. Qxb5 Nh7 25. Qc6 Red8 26. Qb7 Nf6 27. Rd2 g5 28. Ne2 g4 29. Nf4 a6 30. Rad1 b5 31. Qc6 Kg7 32. b4 c4 33. a4 Qxc6 34. dxc6 Rxd2 35. Rxd2 Rc8 36. axb5 axb5 37. hxg4 Rxc6 38. g5 Ng4 39. Nd5 Ne5 40. Nc3 Rb6 41. Rd5 Nd3 42. Nxb5 Nxb4 43. Re5 Nd3 44. Rd5 Kg6 45. Nc3 Rb3 46. Nxe4 c3 47. Rxd3 Rb1+ 48. Kh2 c2 49. Rd6+ Kf5 50. Nc3 c1=Q 51. Nxb1 Qc7 52. g4+ Kxg5 53. f4+ Kxg4 54. Rd2 h3 55. Rf2 Qc1 56. Nd2 Qe1 0-1

[Event "December 19 Late 2023"]
[Site "https://www.chess.com"]
[Date "2023.12.19"]
[Round "2"]
[White "Xie, Bryan"]
[Black "Oliveira, Tiago Batista"]
[Result "1-0"]
[Board "178"]
[TimeControl "180+1"]
[WhiteFideId "30941296"]
[BlackFideId "2108291"]
[WhiteElo "2033"]
[BlackElo "1962"]
[WhiteTeam "USA"]
[BlackTeam "BRA"]
[WhiteClock "0:01:54"]
[BlackClock "0:00:00"]

1. e4 e5 2. Nf3 Nc6 3. d4 exd4 4. Nxd4 Nf6 5. Nc3 Bb4 6. Nxc6 bxc6 7. Bd3 O-O 8. O-O d5 9. exd5 cxd5 10. Bd2 c6 11. a3 Bd6 12. Re1 Qc7 13. g3 Bg4 14. Be2 h5 15. Bg5 Bxe2 16. Nxe2 Ne4 17. Be3 h4 18. Qd3 hxg3 19. hxg3 Rfe8 20. c4 Rad8 21. cxd5 cxd5 22. Rac1 Qb7 23. b4 Be5 24. Bd4 Bxd4 25. Qxd4 Qb6 26. Qxb6 axb6 27. Nd4 Ra8 28. Nb5 Red8 29. Rc6 Rab8 30. f3 Nf6 31. Kf2 d4 32. Rd1 d3 33. Rd6 Rxd6 34. Nxd6 Ra8 35. Rxd3 Ne8 36. Nc4 b5 37. Nb6 Rb8 38. Nd7 Rc8 39. Nc5 1-0

[Event "December 19 Late 2023"]
[Site "https://www.chess.com"]
[Date "2023.12.19"]
[Round "2"]
[White "Chiquitita23"]
[Black "Lopusiewicz, Piotr"]
[Result "0-1"]
[Board "179"]
[TimeControl "180+1"]
[BlackFideId "1116029"]
[WhiteElo "2069"]
[BlackElo "2286"]
[BlackTeam "POL"]
[WhiteClock "0:00:05"]
[BlackClock "0:01:01"]

1. e4 c5 2. Nf3 e6 3. b3 Nc6 4. Bb2 a6 5. d4 cxd4 6. Nxd4 Nf6 7. Bd3 Nxd4 8. Bxd4 d6 9. O-O Be7 10. Nd2 Qc7 11. c4 b6 12. Qc2 Bb7 13. Nf3 O-O 14. e5 dxe5 15. Bxe5 Qc5 16. b4 Qxb4 17. Bxf6 Bxf6 18. Rab1 Qc5 19. Bxh7+ Kh8 20. Be4 Bxe4 21. Qxe4 Rac8 22. h3 Rfd8 23. Rfc1 g6 24. a4 Kg7 25. Rb3 Rd6 26. Nh2 Rd4 27. Qe2 Rxc4 28. Rxc4 Qxc4 29. Qxc4 Rxc4 30. Rxb6 Rxa4 31. Ng4 Bd4 32. Kh2 Bxb6 0-1

[Event "December 19 Late 2023"]
[Site "https://www.chess.com"]
[Date "2023.12.19"]
[Round "2"]
[White "Ozen, Metehan"]
[Black "De Souza, Arthur Olintho"]
[Result "1-0"]
[Board "180"]
[TimeControl "180+1"]
[WhiteFideId "34596054"]
[BlackFideId "2116200"]
[WhiteElo "1710"]
[BlackElo "2056"]
[WhiteTeam "TUR"]
[BlackTeam "BRA"]
[WhiteClock "0:00:20"]
[BlackClock "0:00:00"]

1. e4 c5 2. Nf3 Nc6 3. Bb5 g6 4. O-O Bg7 5. Re1 d6 6. Bxc6+ bxc6 7. d3 Nf6 8. Nc3 O-O 9. h3 Rb8 10. e5 Nd5 11. Ne4 Bf5 12. Ng3 Be6 13. Ne4 Bf5 14. Ng3 Be6 15. exd6 exd6 16. Ne4 Nf6 17. c3 Nxe4 18. dxe4 d5 19. e5 Qb6 20. b3 a5 21. Be3 a4 22. b4 d4 23. bxc5 Qxc5 24. cxd4 Qa3 25. Bc1 Qc3 26. Bd2 Qa3 27. Ng5 Bxa2 28. Bc1 Qb3 29. Qd2 Rfd8 30. Qxa2 Rxd4 31. Nf3 Rd3 32. Qxa4 Qd5 33. Ra3 h5 34. Rxd3 Qxd3 35. Qxc6 Rd8 36. e6 fxe6 37. Qxe6+ Kh8 38. Bg5 Rf8 39. Qe4 Qc3 40. Rc1 Qb2 41. Qxg6 1-0

[Event "December 19 Late 2023"]
[Site "https://www.chess.com"]
[Date "2023.12.19"]
[Round "2"]
[White "Balla, Tamas-Kristof"]
[Black "Ghosh, Chanchal Kumer"]
[Result "1-0"]
[Board "181"]
[TimeControl "180+1"]
[WhiteFideId "1208497"]
[BlackFideId "10201858"]
[WhiteElo "2306"]
[BlackElo "2067"]
[WhiteTeam "ROU"]
[BlackTeam "BAN"]
[WhiteClock "0:01:31"]
[BlackClock "0:00:00"]

1. e4 c5 2. c3 d5 3. exd5 Qxd5 4. d4 cxd4 5. cxd4 Nc6 6. Nf3 e5 7. Nc3 Bb4 8. Bd2 Bxc3 9. Bxc3 exd4 10. Nxd4 Nxd4 11. Qxd4 Qxd4 12. Bxd4 f6 13. Bb5+ Kf7 14. Rc1 Ne7 15. Rc7 a6 16. Bc4+ Be6 17. Bxe6+ Kxe6 18. O-O Nc6 19. Bc3 g6 20. Rxb7 Rhc8 21. Re1+ Kf5 22. Rxh7 Ra7 23. Rxa7 Nxa7 24. Re7 Nb5 25. Re3 g5 26. Rf3+ Kg4 27. h3+ Kh5 28. g4+ Kh4 29. Kg2 Rc6 30. Rxf6 Rxf6 31. Bxf6 Nd6 32. f4 Ne4 33. Bxg5+ Nxg5 34. fxg5 a5 35. g6 a4 36. g7 1-0

[Event "December 19 Late 2023"]
[Site "https://www.chess.com"]
[Date "2023.12.19"]
[Round "2"]
[White "Levine, David"]
[Black "Spichkin, Alexander"]
[Result "0-1"]
[Board "182"]
[TimeControl "180+1"]
[WhiteFideId "2011611"]
[BlackFideId "4144074"]
[WhiteElo "2049"]
[BlackElo "1955"]
[WhiteTeam "USA"]
[BlackTeam "RUS"]
[WhiteClock "0:00:00"]
[BlackClock "0:02:03"]

1. d4 e6 2. c4 f5 3. g3 Nf6 4. Bg2 Be7 5. Nf3 O-O 6. O-O d6 7. Nc3 a5 8. Re1 Ne4 9. Nxe4 fxe4 10. Nd2 d5 11. f3 c5 12. fxe4 cxd4 13. cxd5 e5 14. Nf3 Bd6 15. e3 Bg4 16. Rf1 Nd7 17. exd4 exd4 18. Kh1 Bxf3 19. Bxf3 Be5 20. Bg4 Nc5 21. Bf3 Qb6 22. Bd2 Qxb2 23. Rc1 b6 24. a4 Qa3 25. Rc4 Qd3 26. Rxc5 bxc5 27. Kg2 c4 28. Qe1 Qc3 29. Bxc3 dxc3 30. Be2 Rxf1 31. Bxf1 c2 32. Qd2 c3 33. Qxc2 Rb8 34. Be2 Rb2 35. Qd3 c2 36. Qc4 Bd6 37. Qc8+ Kf7 38. Qd7+ Be7 0-1

[Event "December 19 Late 2023"]
[Site "https://www.chess.com"]
[Date "2023.12.19"]
[Round "2"]
[White "Mizzi, Jack"]
[Black "Stead, Kerry"]
[Result "1-0"]
[Board "183"]
[TimeControl "180+1"]
[WhiteFideId "5602521"]
[BlackFideId "3202577"]
[WhiteElo "2127"]
[BlackElo "1997"]
[WhiteTeam "MLT"]
[BlackTeam "AUS"]
[WhiteClock "0:02:15"]
[BlackClock "0:01:32"]

1. d4 c5 2. d5 f5 3. c4 g6 4. g3 Bg7 5. Bg2 d6 6. Nf3 Nd7 7. O-O Nb6 8. Nc3 Bxc3 9. bxc3 Nxc4 10. Qa4+ Bd7 11. Qxc4 Nf6 12. Ng5 b5 13. Qd3 Qa5 14. Ne6 Bxe6 15. dxe6 Rc8 16. a4 c4 17. Qb1 bxa4 18. Qb7 Qc7 19. Qb5+ Kf8 20. Rxa4 Kg7 21. Bg5 Rhd8 22. Ra6 Rb8 23. Qa4 Rb3 24. Rxa7 1-0

[Event "December 19 Late 2023"]
[Site "https://www.chess.com"]
[Date "2023.12.19"]
[Round "2"]
[White "Hernandez Santos, David Ale"]
[Black "Kubatko, Ivan"]
[Result "1-0"]
[Board "184"]
[TimeControl "180+1"]
[WhiteFideId "5132002"]
[BlackFideId "24111473"]
[WhiteElo "1553"]
[BlackElo "2285"]
[WhiteTeam "MEX"]
[BlackTeam "RUS"]
[WhiteClock "0:00:03"]
[BlackClock "0:00:00"]

1. d4 d5 2. Nc3 Nf6 3. Bf4 e6 4. Nb5 Na6 5. e3 c6 6. Nc3 Be7 7. Nf3 O-O 8. Ne5 Nc7 9. Bd3 Nce8 10. O-O Nd6 11. Qf3 Nf5 12. Qh3 g6 13. g4 Ng7 14. Bh6 Nd7 15. f4 f6 16. Nxg6 hxg6 17. Bxg6 Rf7 18. g5 f5 19. Bxf7+ Kxf7 20. Bxg7 Kxg7 21. Qh6+ Kg8 22. Qxe6+ Kh8 23. Rf3 Nf8 24. Qf7 Nh7 25. Rh3 Qg8 26. Qxe7 Be6 27. Kh1 Re8 28. Qf6+ Qg7 29. Qxg7+ Kxg7 30. g6 Nf6 31. Rg1 Ng4 32. Rgg3 Kxg6 33. Kg2 Kg7 34. Rh5 Kg6 35. Rg5+ Kf6 36. h3 1-0

[Event "December 19 Late 2023"]
[Site "https://www.chess.com"]
[Date "2023.12.19"]
[Round "2"]
[White "Phillips, Rene"]
[Black "Buchenau, Frank"]
[Result "1-0"]
[Board "185"]
[TimeControl "180+1"]
[WhiteFideId "2056275"]
[BlackFideId "4604350"]
[WhiteElo "2030"]
[BlackElo "2157"]
[WhiteTeam "USA"]
[BlackTeam "GER"]
[WhiteClock "0:02:45"]
[BlackClock "0:00:00"]

1. Nf3 Nf6 2. b3 g6 3. Bb2 Bg7 4. e3 O-O 5. Be2 c5 6. O-O Nc6 7. c4 b6 8. d4 cxd4 9. Nxd4 Bb7 10. Bf3 Rc8 11. Nc3 Qc7 12. Ndb5 Qb8 13. Nd5 Nxd5 14. Bxg7 Nxe3 15. fxe3 1-0

[Event "December 19 Late 2023"]
[Site "https://www.chess.com"]
[Date "2023.12.19"]
[Round "2"]
[White "Atanejhad, Sahebali"]
[Black "Gulamirian, Korun"]
[Result "1-0"]
[Board "186"]
[TimeControl "180+1"]
[WhiteFideId "12506664"]
[BlackFideId "4144899"]
[WhiteElo "1957"]
[BlackElo "1621"]
[WhiteTeam "IRI"]
[BlackTeam "RUS"]
[WhiteClock "0:00:23"]
[BlackClock "0:00:00"]

1. d4 Nf6 2. c4 c5 3. d5 b5 4. a4 bxc4 5. Nc3 Na6 6. e4 Nb4 7. Bxc4 a5 8. Nf3 Ba6 9. Bb5 Bxb5 10. axb5 d6 11. O-O g6 12. e5 dxe5 13. Nxe5 Nfxd5 14. Qf3 Nf6 15. Bg5 Bg7 16. Rfd1 Qb8 17. Nc6 Nxc6 18. Qxc6+ Kf8 19. Qxc5 h6 20. Be3 Ng4 21. g3 Nxe3 22. Qxe3 Bf6 23. b6 Kg7 24. Rd7 Ra6 25. Na4 Rd8 26. Rad1 Rxd7 27. Rxd7 Ra8 28. Qc5 Qe5 29. Qxe5 Bxe5 30. Rxe7 Bd4 31. b3 Rb8 32. b7 Kf8 33. Rd7 Be5 34. Nc5 Ke8 35. Rd5 Bc7 36. Kf1 Bb6 37. Na6 Rxb7 38. Rb5 Kd7 39. Nc5+ Kc6 40. Nxb7 Kxb5 41. Nd6+ Kb4 42. Nxf7 Kxb3 43. Nd6 a4 44. Nb5 a3 45. Nxa3 Kxa3 46. f4 Kb4 47. Kg2 Kc4 48. Kf3 Kd4 49. Kg4 Ke4 50. h4 Bd8 51. h5 1-0

[Event "December 19 Late 2023"]
[Site "https://www.chess.com"]
[Date "2023.12.19"]
[Round "2"]
[White "Gurevich, Dmitry"]
[Black "Reinecke, Katharina"]
[Result "1-0"]
[Board "187"]
[TimeControl "180+1"]
[WhiteFideId "2000407"]
[BlackFideId "12929727"]
[WhiteElo "2506"]
[BlackElo "1761"]
[WhiteTeam "USA"]
[BlackTeam "GER"]
[WhiteClock "0:00:03"]
[BlackClock "0:00:00"]

1. d4 d5 2. c4 c6 3. e3 Nf6 4. Nc3 e6 5. Nf3 Be7 6. Bd3 O-O 7. O-O dxc4 8. Bxc4 b5 9. Bd3 a6 10. Qe2 c5 11. a4 b4 12. Ne4 cxd4 13. exd4 Bb7 14. Bf4 Nxe4 15. Bxe4 Bxe4 16. Qxe4 Nd7 17. Ne5 Nf6 18. Qf3 Rc8 19. Rac1 Qb6 20. Nc6 Nd5 21. a5 Qb5 22. Qxd5 exd5 23. Nxe7+ Kh8 24. Nxc8 Qxa5 25. Bd6 Rd8 26. Na7 Qa2 27. Bxb4 Qxb2 28. Bc5 h6 29. h4 a5 30. Ra1 Qc3 31. Rfc1 Qd2 32. Rcb1 Re8 33. Nc6 Re2 34. Rf1 Qc3 35. Rxa5 Qd2 36. Ra8+ Kh7 37. Ne5 Qf4 38. Nf3 Rb2 39. Ra7 f6 40. Re1 Rc2 41. Rae7 Rc1 42. Re3 Rxe1+ 43. Rxe1 Qf5 44. Re3 Qd7 45. g3 Qf7 46. Kg2 h5 47. Re7 Qg6 48. Nd2 Kh6 49. Nf1 Qf5 50. Ne3 Qd3 51. Re6 Qb1 52. Rd6 Qe4+ 53. Kh2 Qf3 54. Kg1 Qe2 55. Re6 Qe1+ 56. Kg2 Qd2 57. Re8 Qc3 58. Re7 Qd2 59. Rd7 Qc3 60. Bf8 Kg6 61. Bxg7 Qd2 62. Bf8 1-0

[Event "December 19 Late 2023"]
[Site "https://www.chess.com"]
[Date "2023.12.19"]
[Round "2"]
[White "Bogaudinov, Rushan"]
[Black "Desideri, Ricardo Maruchi"]
[Result "1-0"]
[Board "188"]
[TimeControl "180+1"]
[WhiteFideId "4129288"]
[BlackFideId "2110440"]
[WhiteElo "1937"]
[BlackElo "1945"]
[WhiteTeam "RUS"]
[BlackTeam "BRA"]
[WhiteClock "0:01:50"]
[BlackClock "0:00:01"]

1. d4 Nf6 2. Nf3 e6 3. e3 c5 4. Be2 b6 5. O-O Ba6 6. c4 Bb7 7. Nc3 Be7 8. d5 exd5 9. cxd5 d6 10. e4 O-O 11. a4 Nbd7 12. Re1 a6 13. Bf4 Nh5 14. Bd2 g6 15. h3 Ng7 16. Bh6 f5 17. exf5 Rxf5 18. Bd3 Rh5 19. Bf4 Qf8 20. Bg3 Nf5 21. Bh2 Nd4 22. Nxd4 cxd4 23. Ne4 Ne5 24. Bc2 Bxd5 25. Qxd4 Qf7 26. Rad1 Rc8 27. Bb1 Bb3 28. Rc1 Rc4 29. Rxc4 Bxc4 30. Qxb6 Kg7 31. Nxd6 Bxd6 32. Qxd6 Nd7 33. Re7 1-0

[Event "December 19 Late 2023"]
[Site "https://www.chess.com"]
[Date "2023.12.19"]
[Round "2"]
[White "UnTucopalaTimba"]
[Black "Dwilewicz, Katarzyna"]
[Result "0-1"]
[Board "189"]
[TimeControl "180+1"]
[BlackFideId "1148486"]
[WhiteElo "1956"]
[BlackElo "2098"]
[BlackTeam "POL"]
[WhiteClock "0:00:00"]
[BlackClock "0:00:13"]

1. e4 c5 2. Nf3 a6 3. d4 cxd4 4. Nxd4 Nf6 5. e5 Qa5+ 6. Nc3 Qxe5+ 7. Nde2 Nc6 8. Be3 d5 9. Qd2 Bf5 10. a3 g6 11. h3 Bg7 12. g4 Ne4 13. Qxd5 Nxc3 14. Nxc3 Bxc2 15. Bg2 O-O 16. O-O Rfd8 17. Qxe5 Bxe5 18. Rac1 Bd3 19. Rfd1 Rac8 20. Nd5 Be2 21. Re1 Bb5 22. b3 e6 23. Nb6 Rc7 24. a4 Bd3 25. Nc4 Bxc4 26. Bb6 Bxb3 27. Bxc7 Bxc7 28. Bxc6 bxc6 29. Rxc6 Bf4 30. Ra1 a5 31. Ra6 Rd5 32. Ra8+ Kg7 33. Kg2 Bd2 34. Kg3 g5 35. Ra6 Bf4+ 36. Kg2 Be5 37. Rc6 Bxa1 0-1

[Event "December 19 Late 2023"]
[Site "https://www.chess.com"]
[Date "2023.12.19"]
[Round "2"]
[White "Azar, Sebastien"]
[Black "Thake, Conrad"]
[Result "1-0"]
[Board "190"]
[TimeControl "180+1"]
[WhiteFideId "2640198"]
[BlackFideId "5602947"]
[WhiteElo "2398"]
[BlackElo "1662"]
[WhiteTeam "CAN"]
[BlackTeam "MLT"]
[WhiteClock "0:00:21"]
[BlackClock "0:00:13"]

1. e4 c5 2. Nf3 d6 3. d4 cxd4 4. Nxd4 Nf6 5. Nc3 a6 6. f3 e5 7. Nb3 Nc6 8. Be3 Be7 9. Qd2 O-O 10. g4 Be6 11. g5 Nh5 12. O-O-O b5 13. Nd5 Bxd5 14. exd5 Nb8 15. Bd3 g6 16. Kb1 Nd7 17. Na5 Nc5 18. Nc6 Qd7 19. Bxc5 dxc5 20. Be4 Bd6 21. h4 c4 22. Qc3 f5 23. gxf6 Rxf6 24. Nxe5 Qc7 25. Ng4 b4 26. Nxf6+ Kf7 27. Qd4 Nxf6 28. h5 Be5 29. d6 Bxd4 30. dxc7 Nxe4 31. Rxd4 Nf2 32. hxg6+ Kxg6 33. Rg1+ Kf5 34. Rd8 Ra7 35. c8=Q+ Kf4 36. Qb8+ Kxf3 37. Qxa7 Ke2 38. Rd2+ Kxd2 39. Qxf2# 1-0

[Event "December 19 Late 2023"]
[Site "https://www.chess.com"]
[Date "2023.12.19"]
[Round "2"]
[White "ajian"]
[Black "Vargas, Mauricio"]
[Result "1-0"]
[Board "191"]
[TimeControl "180+1"]
[BlackFideId "4404572"]
[WhiteElo "2398"]
[BlackElo "1982"]
[BlackTeam "COL"]
[WhiteClock "0:00:54"]
[BlackClock "0:01:31"]

1. Nf3 Nc6 2. d4 d6 3. c4 g6 4. Nc3 Bg7 5. e4 Nf6 6. Be2 O-O 7. d5 Ne5 8. Nxe5 dxe5 9. Be3 e6 10. O-O exd5 11. cxd5 a6 12. Rc1 Qe7 13. Qb3 b6 14. f3 Bb7 15. Rfd1 Rac8 16. d6 cxd6 17. Qxb6 d5 18. Nxd5 Nxd5 19. exd5 Rcd8 20. Bc5 Qg5 21. Qxb7 Rb8 22. Qe7 Rxb2 23. Qxg5 Rxe2 24. Bxf8 Bxf8 25. d6 1-0

[Event "December 19 Late 2023"]
[Site "https://www.chess.com"]
[Date "2023.12.19"]
[Round "3"]
[White "Nakamura, Hikaru"]
[Black "Dourerassou, Jonathan"]
[Result "0-1"]
[Board "1"]
[TimeControl "180+1"]
[WhiteFideId "2016192"]
[BlackFideId "628050"]
[WhiteElo "2874"]
[BlackElo "2499"]
[WhiteTeam "USA"]
[BlackTeam "FRA"]
[WhiteClock "0:00:13"]
[BlackClock "0:00:13"]

1. d4 Nf6 2. Bg5 e6 3. e4 Be7 4. Nd2 d5 5. e5 Nfd7 6. Be3 c5 7. c3 Nc6 8. Qg4 Kf8 9. Ngf3 Qb6 10. O-O-O cxd4 11. cxd4 a5 12. h4 h5 13. Qf4 a4 14. Ng5 Nd8 15. a3 Rh6 16. Bd3 Nb8 17. Rh3 Bd7 18. Rf3 Be8 19. Rg3 Nbc6 20. Nh7+ Rxh7 21. Bxh7 Rc8 22. Nb1 Nxd4+ 23. Nc3 Ne2+ 24. Kb1 Nxc3+ 25. Ka1 Qb3 26. Bb1 Qxd1 27. bxc3 Rxc3 28. Bd2 Rb3 29. Rxb3 Qxb3 30. g4 Bxa3 31. Qd4 Nc6 32. Qc3 Bb4 33. Qxb3 axb3 34. Bxb4+ Nxb4 35. gxh5 Nc6 36. f4 Nd4 37. Kb2 Ne2 38. f5 exf5 39. Bxf5 Nf4 40. Bg4 Nd3+ 41. Kxb3 Nxe5 42. Be2 Ke7 43. Kc3 Kd6 44. Kd4 Nc6+ 45. Ke3 Ke5 46. Bb5 d4+ 47. Kd2 f6 48. Be2 Nb4 49. Bf3 Nd5 50. Bd1 Nf4 51. Bf3 Bxh5 52. Bxb7 Ng2 53. Bxg2 Bg6 54. Bf3 Be4 55. Bd1 Kf4 56. h5 Kg5 57. Be2 f5 58. Ke1 f4 59. Kf2 d3 60. Bd1 Kh4 61. h6 gxh6 62. Ba4 Kg5 63. Bd7 Kf6 64. Bg4 Ke5 65. Ke1 Kd4 66. Kd2 f3 67. Bh3 f2 68. Bf1 h5 69. Bh3 h4 70. Bf1 Bf5 71. Bg2 h3 72. Bf1 h2 73. Bg2 h1=Q 74. Bf1 Qh6+ 0-1

[Event "December 19 Late 2023"]
[Site "https://www.chess.com"]
[Date "2023.12.19"]
[Round "3"]
[White "Seemann, Jakub"]
[Black "Lazavik, Denis"]
[Result "1/2-1/2"]
[Board "2"]
[TimeControl "180+1"]
[WhiteFideId "21874697"]
[BlackFideId "13515110"]
[WhiteElo "2332"]
[BlackElo "2556"]
[WhiteTeam "POL"]
[BlackTeam "BLR"]
[WhiteClock "0:00:05"]
[BlackClock "0:00:07"]

1. e4 c5 2. Nf3 e6 3. d4 cxd4 4. Nxd4 Nc6 5. Nc3 Qc7 6. a3 a6 7. Be3 Nf6 8. f4 d6 9. Qf3 Bd7 10. O-O-O Rc8 11. Kb1 b5 12. Nxc6 Bxc6 13. g4 Bxe4 14. Nxe4 Qxc2+ 15. Ka2 Qxe4 16. Qxe4 Nxe4 17. Bg2 d5 18. f5 Bc5 19. Bxe4 Bxe3 20. Bxd5 exf5 21. gxf5 O-O 22. Bb7 Rb8 23. Bd5 Bg5 24. Bb3 a5 25. Rd7 a4 26. Bd5 b4 27. axb4 Rxb4 28. Re1 Rbb8 29. Bc4 Bf6 30. Re2 g6 31. fxg6 hxg6 32. Ra7 Rb4 33. Bd5 Kg7 34. Rc2 Rd4 35. Bc4 Rf4 36. Rxa4 Rb8 37. Ra7 Bxb2 38. Rxf7+ Rxf7 39. Bxf7 Be5 40. Bc4 Rh8 41. Re2 Bxh2 42. Kb3 Kf6 43. Kc3 Be5+ 44. Kd3 Rh4 45. Ba2 g5 46. Ke3 g4 47. Rg2 Kg5 48. Ke4 Bf4 49. Be6 g3 50. Kf3 Rh6 51. Bd5 Rd6 52. Be4 Re6 53. Re2 Ra6 54. Kg2 Rh6 55. Kf3 Rh1 56. Bd5 Rd1 57. Be4 Ra1 58. Kg2 Be5 59. Bf3 Kf4 60. Re4+ Kf5 61. Re2 Bf4 62. Be4+ Kg5 63. Bf3 Ra3 64. Be4 Ra7 65. Kf3 Rf7 66. Kg2 Re7 67. Bf3 Rh7 68. Be4 Rh8 69. Kf3 Rh4 70. Kg2 Be5 71. Kf3 Kf6 72. Kg2 Rh8 73. Bf3 Rd8 74. Be4 Kg5 75. Bf3 Bf4 76. Be4 Rd1 77. Bf3 Ra1 78. Be4 Be5 79. Bf3 Kf5 80. Bd5 Ra3 81. Bf3 Kf4 82. Re4+ Kf5 83. Re2 Bd6 84. Bd5 Rc3 85. Bf3 Kf4 86. Re4+ Kf5 87. Re2 Bc5 88. Bd5 Bf2 89. Bf3 Rc1 90. Bd5 Kf4 91. Re4+ Kf5 92. Re2 Ra1 93. Kf3 Rg1 94. Be6+ Kg5 95. Bh3 Rh1 96. Bg2 Ra1 97. Re5+ Kf6 98. Re2 Ra3+ 99. Kg4 Rb3 1/2-1/2

[Event "December 19 Late 2023"]
[Site "https://www.chess.com"]
[Date "2023.12.19"]
[Round "3"]
[White "Caruana, Fabiano"]
[Black "Adewumi, Tanitoluwa"]
[Result "1-0"]
[Board "3"]
[TimeControl "180+1"]
[WhiteFideId "2020009"]
[BlackFideId "30966396"]
[WhiteElo "2815"]
[BlackElo "2325"]
[WhiteTeam "USA"]
[BlackTeam "USA"]
[WhiteClock "0:00:27"]
[BlackClock "0:00:03"]

1. Nf3 Nf6 2. b3 g6 3. Bb2 Bg7 4. e3 O-O 5. Be2 d6 6. O-O Nc6 7. c4 e5 8. d4 Re8 9. Nbd2 e4 10. Ne1 h5 11. Nc2 h4 12. h3 Bf5 13. Re1 Qd7 14. Bf1 Nh7 15. b4 Ng5 16. b5 Ne7 17. Rb1 Bh6 18. d5 Kh7 19. Nd4 Bg7 20. a4 Rh8 21. a5 Kg8 22. Nxf5 gxf5 23. Bxg7 Kxg7 24. Nb3 Ng6 25. c5 f4 26. exf4 Nxf4 27. c6 bxc6 28. dxc6 Qf5 29. Nd4 Qf6 30. Kh1 Rag8 31. b6 axb6 32. axb6 Kh6 33. Rb5 d5 34. bxc7 Nfxh3 35. gxh3 Qxf2 36. c8=Q Ne6 37. Nf5+ Qxf5 38. Rxd5 Qf2 39. Rh5+ Kg7 40. Qg4+ Kf6 41. Qcxg8 Rxg8 42. Qxh4+ Qxh4 43. Rxh4 1-0

[Event "December 19 Late 2023"]
[Site "https://www.chess.com"]
[Date "2023.12.19"]
[Round "3"]
[White "Pakleza, Zbigniew"]
[Black "Niemann, Hans Moke"]
[Result "0-1"]
[Board "4"]
[TimeControl "180+1"]
[WhiteFideId "1119290"]
[BlackFideId "2093596"]
[WhiteElo "2410"]
[BlackElo "2614"]
[WhiteTeam "POL"]
[BlackTeam "USA"]
[WhiteClock "0:00:33"]
[BlackClock "0:02:11"]

1. d4 Nf6 2. Nf3 g6 3. Bf4 Bg7 4. e3 d6 5. Be2 O-O 6. h3 Nbd7 7. O-O b6 8. c3 Bb7 9. a4 a6 10. Nbd2 Re8 11. Bh2 e5 12. Qb3 Rb8 13. Rfd1 Qe7 14. Rac1 e4 15. Ne1 h5 16. Nc2 h4 17. Nb4 a5 18. Nc2 Nh7 19. Na3 Kh8 20. Nb5 Rbc8 21. Nc4 Bd5 22. Qa3 Bf8 23. b4 Bxc4 24. Bxc4 d5 25. Ba2 Ndf6 26. Qb3 Ng5 27. bxa5 bxa5 28. c4 Nf3+ 29. gxf3 exf3 30. Nc3 Qe6 31. Kh1 Qxh3 32. Rg1 Bd6 0-1

[Event "December 19 Late 2023"]
[Site "https://www.chess.com"]
[Date "2023.12.19"]
[Round "3"]
[White "Duda, Jan-Krzysztof"]
[Black "Postny, Evgeny"]
[Result "1-0"]
[Board "5"]
[TimeControl "180+1"]
[WhiteFideId "1170546"]
[BlackFideId "2804344"]
[WhiteElo "2775"]
[BlackElo "2505"]
[WhiteTeam "POL"]
[BlackTeam "ISR"]
[WhiteClock "0:00:15"]
[BlackClock "0:00:01"]

1. d4 Nf6 2. Bg5 d5 3. Bxf6 gxf6 4. c4 c5 5. cxd5 Qxd5 6. Nf3 cxd4 7. Nc3 Qa5 8. Nxd4 Bd7 9. g3 Nc6 10. Bg2 Rc8 11. Nb3 Qc7 12. O-O e6 13. Rc1 a6 14. Ne4 Be7 15. Nec5 Rd8 16. Qc2 Bxc5 17. Qxc5 Qe5 18. Rfd1 Qxc5 19. Nxc5 Bc8 20. Rxd8+ Kxd8 21. Nxb7+ Bxb7 22. Bxc6 Kc7 23. Be8+ Kb6 24. Bxf7 e5 25. Kf1 Rd8 26. Ke1 Rd7 27. Be6 Rd6 28. Bb3 a5 29. Rd1 Rc6 30. Rd7 Rc1+ 31. Kd2 Rb1 32. Rxh7 Rxb2+ 33. Ke3 Ba6 34. Rh6 Rxe2+ 35. Kf3 Bb5 36. Rxf6+ Kc5 37. g4 Re1 38. Kg2 a4 39. Bf7 Bc6+ 40. f3 Re2+ 41. Kg3 a3 42. g5 Re1 43. g6 Rg1+ 44. Kf2 Rg5 45. h4 1-0

[Event "December 19 Late 2023"]
[Site "https://www.chess.com"]
[Date "2023.12.19"]
[Round "3"]
[White "Bluebaum, Matthias"]
[Black "Maurizzi, Marc`Andria"]
[Result "1-0"]
[Board "6"]
[TimeControl "180+1"]
[WhiteFideId "24651516"]
[BlackFideId "36083534"]
[WhiteElo "2621"]
[BlackElo "2417"]
[WhiteTeam "GER"]
[BlackTeam "FRA"]
[WhiteClock "0:00:33"]
[BlackClock "0:00:00"]

1. d4 Nf6 2. c4 e6 3. Nc3 d5 4. cxd5 exd5 5. Bg5 c6 6. e3 Qb6 7. Qd2 Ne4 8. Nxe4 dxe4 9. Ne2 Be6 10. Nc3 Bb4 11. Be2 Nd7 12. O-O h6 13. Bf4 Nf6 14. a3 Bxc3 15. bxc3 Qa5 16. Rfb1 O-O-O 17. Qb2 b6 18. Qb4 Nd5 19. Qxa5 bxa5 20. Ba6+ Kd7 21. Rb7+ Ke8 22. Rxa7 Nxf4 23. exf4 g5 24. fxg5 hxg5 25. Rb1 Kf8 26. Rb6 c5 27. h3 cxd4 28. cxd4 Rxd4 29. Be2 g4 30. hxg4 Ra4 31. Rba6 Rxa3 32. Rxa5 Rc3 33. Ra8+ Kg7 34. Rxh8 Kxh8 35. Re5 Rc1+ 36. Kh2 Re1 37. Rxe4 Bxg4 38. f3 Be6 39. Kg3 Kg7 40. Kf2 Rb1 41. Rd4 Rb2 42. Ke3 Rb3+ 43. Kf4 Rb2 44. Re4 Bd5 45. Re5 Rb4+ 46. Kg3 Be6 47. Bd3 Kf6 48. Ra5 Rb3 49. Be4 Rb2 50. Rc5 Kg7 51. Bc2 Bd7 52. Kf4 Rb5 53. Rc3 Be6 54. g4 Rb4+ 55. Kg3 Rc4 56. Rxc4 Bxc4 57. Kf4 f6 58. Be4 Bg8 59. Ke3 Ba2 60. Kd4 Bg8 61. Bd5 Bh7 62. Be4 Bg8 63. Kc5 Ba2 64. Kd6 Bb3 65. Ke7 Ba2 66. f4 Bb3 67. f5 Ba2 68. Bc6 Bb3 69. Bd7 Bc4 70. Be6 Bd3 71. g5 fxg5 72. f6+ 1-0

[Event "December 19 Late 2023"]
[Site "https://www.chess.com"]
[Date "2023.12.19"]
[Round "3"]
[White "Sahakyan, Aleks"]
[Black "Keymer, Vincent"]
[Result "0-1"]
[Board "7"]
[TimeControl "180+1"]
[WhiteFideId "13316338"]
[BlackFideId "12940690"]
[WhiteElo "2292"]
[BlackElo "2629"]
[WhiteTeam "ARM"]
[BlackTeam "GER"]
[WhiteClock "0:01:37"]
[BlackClock "0:02:25"]

1. e4 c6 2. d4 d5 3. exd5 cxd5 4. Bd3 Nf6 5. c3 Bg4 6. Qb3 Qc7 7. Ne2 Bxe2 8. Bxe2 e6 9. O-O Bd6 10. h3 Nc6 11. Qd1 O-O 12. Be3 h6 13. Nd2 Ne7 14. Bd3 Nf5 15. Qf3 Nxe3 16. Qxe3 g6 17. Qxh6 Bf4 18. Qh4 Kg7 19. Nf3 Rh8 0-1